TOP OF THE 1ST |
Round Rock Express batting - Pitching for Buffalo Bisons : RHP Dustin Noriega
|
Pitching: RHP Dustin Noriega
|
|
Batting: RHB Casey Semenza
|
0-0: Swinging Strike 0-1: Called Strike 0-2: Strikes out swinging
|
Batting: SHB Isaiah Cherry
|
0-0: Ball 1-0: Foul Ball, location: 2F 1-1: Ball 2-1: Fly out, F8 (Flyball, 8LXD, EV 86.2 MPH)
|
Batting: RHB Kurt Wagner
|
0-0: Ball 1-0: Called Strike 1-1: Foul Ball, location: 2F 1-2: Ball 2-2: Ball 3-2: Strikes out swinging
|
Top of the 1st over - 0 runs, 0 hits, 0 errors, 0 left on base; Round Rock 0 - Buffalo 0 |
BOTTOM OF THE 1ST |
Buffalo Bisons batting - Pitching for Round Rock Express : LHP Zach Purvis
|
Pitching: LHP Zach Purvis
|
|
Batting: RHB Alex Ramos
|
0-0: Swinging Strike 0-1: Swinging Strike 0-2: Ball 1-2: Ball 2-2: Ball 3-2: Base on Balls
|
Batting: RHB Michel Martineau
|
0-0: Grounds into double play, 4-6-3 (Groundball, 34S, EV 81.2 MPH)
|
Batting: SHB Jack Andrews
|
0-0: Called Strike 0-1: Ball 1-1: Swinging Strike 1-2: Strikes out swinging
|
Bottom of the 1st over - 0 runs, 0 hits, 0 errors, 0 left on base; Round Rock 0 - Buffalo 0 |
TOP OF THE 2ND |
Round Rock Express batting - Pitching for Buffalo Bisons : RHP Dustin Noriega
|
Batting: RHB Chad Thompson
|
0-0: Ball 1-0: Ball 2-0: Swinging Strike 2-1: Ball 3-1: Base on Balls
|
Batting: RHB Adryão Anto
|
0-0: Called Strike Chad Thompson steals 2nd base 0-1: Called Strike 0-2: Foul Ball, location: 2F 0-2: Ball 1-2: Ball 2-2: Foul Ball, location: 2F 2-2: Ball 3-2: Fly out, F3 (Popup, 34, EV 65.6 MPH)
|
Batting: RHB Ivan Colon
|
0-0: Ball 1-0: Ball 2-0: Ball 3-0: Base on Balls
|
Batting: SHB David Simpson
|
0-0: Ball 1-0: Ball 2-0: Foul Ball, location: 2F 2-1: Ball 3-1: Called Strike 3-2: Base on Balls Chad Thompson to third Ivan Colon to second
|
Batting: SHB Alvare Bairro
|
0-0: Called Strike 0-1: Swinging Strike 0-2: Strikes out looking
|
Batting: RHB Andy Wasierski
|
0-0: Called Strike 0-1: Called Strike 0-2: Strikes out looking
|
Top of the 2nd over - 0 runs, 0 hits, 0 errors, 3 left on base; Round Rock 0 - Buffalo 0 |
BOTTOM OF THE 2ND |
Buffalo Bisons batting - Pitching for Round Rock Express : LHP Zach Purvis
|
Batting: RHB Brock Van Gilder
|
0-0: Called Strike 0-1: Ball 1-1: Ball 2-1: Foul Ball, location: 2F 2-2: Ball 3-2: Fly out, F7 (Flyball, 7, EV 94.4 MPH)
|
Batting: RHB Jorge Baret
|
0-0: Ball 1-0: Foul Ball, location: 2F 1-1: Ground out 5-3 (Groundball, 56, EV 80.6 MPH)
|
Batting: RHB Leo Mair
|
0-0: Ball 1-0: Called Strike 1-1: Foul Ball, location: 2F 1-2: Ball 2-2: Strikes out looking and he ARGUES THE CALL AND IS TOSSED!
|
Bottom of the 2nd over - 0 runs, 0 hits, 0 errors, 0 left on base; Round Rock 0 - Buffalo 0 |
TOP OF THE 3RD |
Round Rock Express batting - Pitching for Buffalo Bisons : RHP Dustin Noriega
|
Now at 2B: Jack Andrews
|
|
Now at SS: Itsuo Egami
|
|
Batting: RHB Casey Semenza
|
0-0: Foul Ball, location: 2F 0-1: Called Strike 0-2: Strikes out swinging
|
Batting: SHB Isaiah Cherry
|
0-0: Ball 1-0: Ball 2-0: Ground out 3-1 (Groundball, 34, EV 91.2 MPH)
|
Batting: RHB Kurt Wagner
|
0-0: Foul Ball, location: 2F 0-1: Ground out 6-3 (Groundball, 6, EV 85.0 MPH)
|
Top of the 3rd over - 0 runs, 0 hits, 0 errors, 0 left on base; Round Rock 0 - Buffalo 0 |
BOTTOM OF THE 3RD |
Buffalo Bisons batting - Pitching for Round Rock Express : LHP Zach Purvis
|
Batting: RHB Väinö Tapaninen
|
0-0: Ball 1-0: Bunt missed! 1-1: Swinging Strike 1-2: Ball 2-2: Foul Ball, location: 2F 2-2: Ball 3-2: Foul Ball, location: 2F 3-2: Strikes out swinging
|
Batting: LHB Gabe Pace
|
0-0: Ball 1-0: Ball 2-0: Ball 3-0: Called Strike 3-1: Base on Balls
|
Batting: RHB John Loving
|
0-0: Ball Gabe Pace is caught stealing 2nd base 2-4 1-0: Ball 2-0: Ball 3-0: Called Strike 3-1: Base on Balls
|
Batting: RHB Alex Ramos
|
0-0: Fly out, F8 (Flyball, 89S, EV 97.5 MPH)
|
Bottom of the 3rd over - 0 runs, 0 hits, 0 errors, 1 left on base; Round Rock 0 - Buffalo 0 |
TOP OF THE 4TH |
Round Rock Express batting - Pitching for Buffalo Bisons : RHP Dustin Noriega
|
Batting: RHB Chad Thompson
|
0-0: Swinging Strike 0-1: Called Strike 0-2: Foul Ball, location: 2F 0-2: Ground out 5-3 (Groundball, 56, EV 81.9 MPH)
|
Batting: RHB Adryão Anto
|
0-0: Swinging Strike 0-1: Ball 1-1: Ground out 6-3 (Groundball, 6, EV 91.9 MPH)
|
Batting: RHB Ivan Colon
|
0-0: Called Strike 0-1: SINGLE (Groundball, 6MD, EV 107.5 MPH)
|
Batting: SHB David Simpson
|
0-0: Ball 1-0: Ball 2-0: SINGLE (Line Drive, 78M, EV 88.8 MPH) Ivan Colon to second
|
Batting: SHB Alvare Bairro
|
0-0: Ball 1-0: Foul Ball, location: 2F 1-1: Ball 2-1: Swinging Strike 2-2: Ball 3-2: Strikes out swinging
|
Top of the 4th over - 0 runs, 2 hits, 0 errors, 2 left on base; Round Rock 0 - Buffalo 0 |
BOTTOM OF THE 4TH |
Buffalo Bisons batting - Pitching for Round Rock Express : LHP Zach Purvis
|
Batting: RHB Michel Martineau
|
0-0: Called Strike 0-1: Swinging Strike 0-2: Foul Ball, location: 2F 0-2: DOUBLE (Line Drive, 78M, EV 103.1 MPH)
|
Batting: SHB Jack Andrews
|
0-0: Ball 1-0: Foul Ball, location: 2F 1-1: Swinging Strike 1-2: Foul Ball, location: 2F 1-2: Foul Ball, location: 2F 1-2: Strikes out swinging
|
Batting: RHB Brock Van Gilder
|
0-0: Ball 1-0: Ground out 5-3 (Groundball, 5, EV 102.5 MPH)
|
Batting: RHB Jorge Baret
|
0-0: Fly out, F9 (Line Drive, 89M, EV 102.5 MPH)
|
Bottom of the 4th over - 0 runs, 1 hit, 0 errors, 1 left on base; Round Rock 0 - Buffalo 0 |
TOP OF THE 5TH |
Round Rock Express batting - Pitching for Buffalo Bisons : RHP Dustin Noriega
|
Batting: RHB Andy Wasierski
|
0-0: Ball 1-0: Swinging Strike 1-1: Ball 2-1: Ball 3-1: Base on Balls
|
Batting: RHB Casey Semenza
|
0-0: Called Strike 0-1: Ball Andy Wasierski is caught stealing 2nd base 2-4 1-1: Ball 2-1: Ball 3-1: Base on Balls
|
Batting: SHB Isaiah Cherry
|
0-0: Ball 1-0: Ball 2-0: Ball Casey Semenza steals 2nd base 3-0: Fly out, F8 (Flyball, 78M, EV 81.9 MPH)
|
Batting: RHB Kurt Wagner
|
0-0: Called Strike 0-1: Swinging Strike 0-2: Strikes out swinging
|
Top of the 5th over - 0 runs, 0 hits, 0 errors, 1 left on base; Round Rock 0 - Buffalo 0 |
BOTTOM OF THE 5TH |
Buffalo Bisons batting - Pitching for Round Rock Express : LHP Zach Purvis
|
Batting: RHB Itsuo Egami
|
0-0: Called Strike 0-1: Ball 1-1: Ground out 6-3 (Groundball, 6, EV 104.4 MPH)
|
Batting: RHB Väinö Tapaninen
|
0-0: Ball 1-0: Fly out, F7 (Flyball, 7D, EV 95.6 MPH)
|
Batting: LHB Gabe Pace
|
0-0: Ball 1-0: Called Strike 1-1: Fly out, F8 (Flyball, 8LM, EV 89.4 MPH)
|
Bottom of the 5th over - 0 runs, 0 hits, 0 errors, 0 left on base; Round Rock 0 - Buffalo 0 |
TOP OF THE 6TH |
Round Rock Express batting - Pitching for Buffalo Bisons : RHP Dustin Noriega
|
Batting: RHB Chad Thompson
|
0-0: Fly out, F9 (Flyball, 9D, EV 100.0 MPH)
|
Batting: RHB Adryão Anto
|
0-0: Called Strike 0-1: Foul Ball, location: 2F 0-2: Ball 1-2: SINGLE (Line Drive, 89S, EV 106.9 MPH)
|
Batting: RHB Ivan Colon
|
0-0: Ball 1-0: Ground out 5-3 (Groundball, 56, EV 103.1 MPH) Adryão Anto to second
|
Batting: SHB David Simpson
|
0-0: Swinging Strike 0-1: Called Strike 0-2: Ball 1-2: Ball 2-2: Ball 3-2: Fly out, F8 (Flyball, 8RXD, EV 95.6 MPH)
|
Top of the 6th over - 0 runs, 1 hit, 0 errors, 1 left on base; Round Rock 0 - Buffalo 0 |
BOTTOM OF THE 6TH |
Buffalo Bisons batting - Pitching for Round Rock Express : LHP Zach Purvis
|
Batting: RHB John Loving
|
0-0: Ball 1-0: Called Strike 1-1: Ground out 5-3 (Groundball, 5, EV 86.2 MPH)
|
Batting: RHB Alex Ramos
|
0-0: Ball 1-0: Ball 2-0: Foul Ball, location: 2F 2-1: Ball 3-1: Called Strike 3-2: Base on Balls
|
Batting: RHB Michel Martineau
|
0-0: Ball 1-0: Called Strike 1-1: Foul Ball, location: 2F 1-2: Foul Ball, location: 2F 1-2: Ball 2-2: Ball 3-2: SINGLE (Groundball, 4S, EV 66.9 MPH) (infield hit) Alex Ramos to second
|
Batting: SHB Jack Andrews
|
0-0: Ball 1-0: SINGLE (Groundball, 6MS, EV 66.9 MPH) (infield hit) Alex Ramos to third Michel Martineau to second
|
Batting: RHB Brock Van Gilder
|
0-0: Called Strike 0-1: Swinging Strike 0-2: SINGLE (Line Drive, 5, EV 98.8 MPH) Alex Ramos scores Michel Martineau to third Jack Andrews to second Runner from 3rd tries for Home, SAFE, throw by LF to home
|
Batting: RHB Jorge Baret
|
0-0: Swinging Strike 0-1: Called Strike 0-2: Strikes out swinging
|
Batting: RHB Itsuo Egami
|
0-0: Fly out, F8 (Flyball, 89D, EV 85.6 MPH)
|
Bottom of the 6th over - 2 runs, 3 hits, 0 errors, 2 left on base; Round Rock 0 - Buffalo 2 |
TOP OF THE 7TH |
Round Rock Express batting - Pitching for Buffalo Bisons : RHP Dustin Noriega
|
Now at SS: Jose Garza
|
|
Batting: SHB Alvare Bairro
|
0-0: Ball 1-0: SINGLE (Line Drive, 56, EV 94.4 MPH)
|
Batting: RHB Andy Wasierski
|
0-0: Sac Bunt to P - play at first, batter OUT! 1-3 Alvare Bairro to second
|
Batting: RHB Casey Semenza
|
0-0: Ball 1-0: Foul Ball, location: 2F 1-1: Ball 2-1: Called Strike 2-2: Ground out 5-3 (Groundball, 56S, EV 78.1 MPH)
|
Batting: SHB Isaiah Cherry
|
0-0: Ball 1-0: Foul Ball, location: 2F 1-1: Fly out, F8 (Flyball, 8RM, EV 95.6 MPH)
|
Top of the 7th over - 0 runs, 1 hit, 0 errors, 1 left on base; Round Rock 0 - Buffalo 2 |
BOTTOM OF THE 7TH |
Buffalo Bisons batting - Pitching for Round Rock Express : LHP Zach Purvis
|
Batting: RHB Väinö Tapaninen
|
0-0: Called Strike 0-1: Ball 1-1: Ball 2-1: Ball 3-1: Ground out 1-3 (Groundball, 15S, EV 65.6 MPH)
|
Batting: LHB Gabe Pace
|
0-0: Ball 1-0: Ball 2-0: Ground out 5-3 (Groundball, 5S, EV 63.1 MPH)
|
Batting: RHB John Loving
|
0-0: Called Strike 0-1: Called Strike 0-2: Strikes out swinging
|
Bottom of the 7th over - 0 runs, 0 hits, 0 errors, 0 left on base; Round Rock 0 - Buffalo 2 |
TOP OF THE 8TH |
Round Rock Express batting - Pitching for Buffalo Bisons : RHP Dustin Noriega
|
Pitching: RHP Gilberto Dominguez
|
|
Batting: RHB Kurt Wagner
|
0-0: Ball 1-0: Swinging Strike 1-1: Foul Ball, location: 2F 1-2: Ball 2-2: Ball 3-2: Foul Ball, location: 2F 3-2: Base on Balls
|
Batting: RHB Chad Thompson
|
0-0: Called Strike 0-1: Ball 1-1: Fly out, F6 (Popup, 6MS, EV 78.8 MPH)
|
Batting: RHB Adryão Anto
|
0-0: Called Strike 0-1: Ball Wild Pitch! Kurt Wagner to second 1-1: Ball 2-1: Ball 3-1: Ground out U3 (Groundball, 3, EV 84.4 MPH) Kurt Wagner to third
|
Batting: RHB Ivan Colon
|
0-0: Ball 1-0: Called Strike 1-1: Called Strike 1-2: Ball 2-2: Ball 3-2: Foul Ball, location: 2F 3-2: Foul Ball, location: 2F 3-2: Foul Ball, location: 2F 3-2: Foul Ball, location: 2F 3-2: Strikes out swinging
|
Top of the 8th over - 0 runs, 0 hits, 0 errors, 1 left on base; Round Rock 0 - Buffalo 2 |
BOTTOM OF THE 8TH |
Buffalo Bisons batting - Pitching for Round Rock Express : LHP Zach Purvis
|
Batting: RHB Alex Ramos
|
0-0: Ball 1-0: Foul Ball, location: 2F 1-1: Foul Ball, location: 2F 1-2: Foul Ball, location: 2F 1-2: Ball 2-2: Ball 3-2: Base on Balls
|
Pitching: RHP Hector Bojorquez
|
|
Batting: RHB Michel Martineau
|
0-0: Sac Bunt to 13 - play at first, batter OUT! 1-3 Alex Ramos to second
|
Batting: SHB Jack Andrews
|
0-0: Called Strike 0-1: Ball 1-1: Foul Ball, location: 2F 1-2: Ball 2-2: Foul Ball, location: 2F 2-2: Strikes out swinging
|
Batting: RHB Brock Van Gilder
|
0-0: Ground out 6-3 (Groundball, 6M, EV 108.1 MPH)
|
Bottom of the 8th over - 0 runs, 0 hits, 0 errors, 1 left on base; Round Rock 0 - Buffalo 2 |
TOP OF THE 9TH |
Round Rock Express batting - Pitching for Buffalo Bisons : RHP Gilberto Dominguez
|
Pitching: RHP Andres Lozano
|
|
Batting: SHB David Simpson
|
0-0: Called Strike 0-1: Fly out, F8 (Flyball, 8RXD, EV 100.0 MPH)
|
Batting: SHB Alvare Bairro
|
0-0: Called Strike 0-1: Called Strike 0-2: Strikes out swinging
|
Pinch Hitting: LHB Lee Gerken
|
0-0: Foul Ball, location: 2F 0-1: Ball 1-1: Foul Ball, location: 2F 1-2: Fly out, F6 (Popup, 6S, EV 73.8 MPH)
|
Top of the 9th over - 0 runs, 0 hits, 0 errors, 0 left on base; Round Rock 0 - Buffalo 2 |
|